Map: Efflorescence LE

Players

JudgeProll - Winner!

  • Race: Terran Terran
  • Spawn Location: 6:00

SalTFrog - Winner!

  • Race: Terran Terran
  • League: Silver
  • Spawn Location: 9:00

Ekelpack

  • Race: Zerg Zerg
  • Spawn Location: 12:00

Nyck

  • Race: Terran Terran
  • Spawn Location: 3:00

VOD

Have the link to the VOD?

Description

Time

  • Played on: Nov. 1, 2020, 11:24 a.m.
  • Length: 18:26
Show
View Real Time Build Order
Export as new Build Order

JudgeProll Terran - Winner!

Build Orders: Reaper Expand 

Get SALT Encoding   

  12  0:00  SCV  
  13  0:12  SCV  
  14  0:19  Supply Depot  
  14  0:24  SCV  
  15  0:40  SCV  
  15  0:41  Barracks  
  16  0:46  Refinery  
  16  0:52  SCV  
  17  1:04  SCV  
  18  1:16  SCV  
  19  1:29  Orbital Command, Reaper  
  20  1:45  Command Center  
  20  1:55  SCV  
  20  1:59  Refinery  
  21  2:01  Barracks Reactor  
  21  2:07  SCV  
  22  2:17  Supply Depot  
  22  2:19  SCV  
  23  2:24  Factory  
  23  2:38  SCV  
  23  2:59  SCV  
  23  3:00  Orbital Command  
  24  3:11  SCV  
  25  3:14  Starport  
  25  3:15  Barracks Reactor  
  27  3:20  Hellion x2  
  27  3:23  SCV  
  27  3:26  SCV  
  31  3:28  Engineering Bay  
  31  3:35  SCV  
  31  3:38  SCV  
  35  3:41  Hellion x2  
  35  3:43  Supply Depot  
  35  3:48  SCV  
  38  3:52  Armory  
  38  3:58  Viking  
  38  4:00  SCV  
  41  4:11  SCV, Widow Mine  
  41  4:12  Hellion  
  41  4:14  SCV  
  47  4:23  SCV  
  48  4:26  Marine x2  
  48  4:27  SCV  
  51  4:35  SCV  
  48  4:52  Widow Mine x2  
  48  4:53  Marine x2  
  48  4:54  Viking  
  48  4:58  Terran Ship Weapons Level 1  
  52  5:01  Fusion Core  
  52  5:02  SCV  
  52  5:03  Missile Turret  
  53  5:07  SCV  
  53  5:08  Missile Turret  
  53  5:11  Command Center  
  53  5:14  Refinery  
  54  5:16  Missile Turret, Refinery  
  54  5:19  Supply Depot  
  54  5:41  SCV x2, Widow Mine x2  
  60  5:45  Supply Depot  
  60  5:47  Supply Depot  
  60  5:53  SCV x2  
  62  6:06  SCV x2  
  62  6:08  Starport Tech Lab  
  64  6:12  Factory Tech Lab  
  64  6:13  Starport  
  64  6:16  Marine x2  
  66  6:18  SCV x2  
  68  6:30  SCV, Battlecruiser  
  75  6:33  SCV  
  76  6:59  Siege Tank  
  79  7:09  SCV x2, Missile Turret  
  79  7:11  Viking x2  
  79  7:14  Terran Ship Weapons Level 2  
  85  7:30  Planetary Fortress  
  85  7:34  SCV x2  
  87  7:40  Battlecruiser  
  93  7:56  Supply Depot  
  93  7:58  Supply Depot  
  93  8:01  Supply Depot  
  93  8:02  Missile Turret  
  93  8:18  SCV x3, Siege Tank  
  99  8:25  Bunker  
  99  8:29  Refinery  
  99  8:30  SCV x3  
  99  8:31  Supply Depot x2  
  99  8:32  Supply Depot  
  102  8:39  Missile Turret  
  102  8:42  SCV x3, Hi-Sec Auto Tracking  
  102  8:46  Missile Turret  
  102  8:57  SCV x2  
  104  9:04  Bunker  
  104  9:05  SCV  
  104  9:09  SCV  
  106  9:17  Siege Tank  
  109  9:18  Marine  
  109  9:23  Liberator x2  
  116  9:28  SCV x2  
  116  9:30  Missile Turret  
  118  9:34  Command Center  
  118  9:35  Refinery  
  118  9:41  Terran Ship Weapons Level 3  
  118  9:42  Starport x2  
  118  9:48  Missile Turret  
  118  9:51  Missile Turret  
  118  9:55  Siege Tank  
  118  9:57  Battlecruiser  
  127  10:16  Starport Tech Lab  
  127  10:18  Weapon Refit  
  127  10:19  Neosteel Armor  
  127  10:20  SCV  
  127  10:21  SCV  
  131  10:28  Widow Mine  
  131  10:34  Supply Depot  
  130  10:57  Supply Depot  
  132  11:11  Widow Mine  
  130  11:20  Supply Depot  
  134  11:33  Widow Mine  
  134  11:41  Starport Tech Lab  
  134  11:42  Starport Tech Lab, Battlecruiser  
  134  11:43  Battlecruiser  
  144  11:55  Widow Mine  
  146  12:12  Planetary Fortress  
  146  12:24  Terran Infantry Weapons Level 1  
  146  12:25  Battlecruiser x2  
  146  12:26  Missile Turret x2  
  146  12:28  Terran Vehicle And Ship Armor Level 1  
  158  12:30  Missile Turret x2  
  158  12:31  Widow Mine  
  160  12:48  Missile Turret  
  160  12:57  Bunker  
  160  13:00  Marine, Bunker  
  160  13:01  Marine, Bunker  
  160  13:02  Widow Mine  
  160  13:03  Battlecruiser x2  
  176  13:07  Supply Depot  
  176  13:09  Supply Depot  
  176  13:12  Missile Turret  
  176  13:15  Missile Turret  
  176  13:18  Missile Turret  
  176  13:20  Missile Turret  
  176  13:25  Missile Turret  
  175  13:30  Supply Depot  
  173  13:35  Supply Depot  
  173  13:38  Missile Turret  
  168  13:55  Refinery  
  168  13:57  Refinery  
  168  13:59  Missile Turret  
  168  14:10  Sensor Tower  
  168  14:17  Hellion  
  170  14:18  Battlecruiser x3  
  170  14:19  Battlecruiser  
  170  14:20  Missile Turret  
  170  14:22  Missile Turret  
  194  14:24  Terran Vehicle And Ship Armor Level 2  
  194  14:39  Missile Turret  
  194  15:12  Terran Infantry Weapons Level 2  
  193  15:22  Liberator  
  198  15:30  Raven  
  198  15:57  Hellion  
  198  16:00  Missile Turret, Bunker  
  191  16:20  Missile Turret  
  188  16:32  Missile Turret  
  183  16:39  Command Center  
  183  16:41  Missile Turret  
  182  16:50  Missile Turret  
  182  17:01  Missile Turret  
Show
View Real Time Build Order
Export as new Build Order

SalTFrog Terran - Winner!

Build Orders:  

Get SALT Encoding   

  12  0:00  SCV  
  13  0:12  SCV  
  14  0:18  Supply Depot  
  14  0:25  SCV  
  15  0:40  SCV  
  16  0:45  Barracks  
  16  0:52  SCV, Refinery  
  17  1:03  Barracks  
  17  1:06  SCV  
  18  1:18  SCV  
  18  1:25  Refinery  
  19  1:30  SCV  
  20  1:36  Reaper  
  21  1:47  Supply Depot  
  21  1:49  SCV  
  22  2:12  Command Center  
  22  2:21  Marine  
  23  2:30  Factory  
  23  3:04  Orbital Command  
  23  3:15  Engineering Bay  
  23  3:16  Factory Tech Lab  
  23  3:22  Starport  
  23  3:39  Siege Tank  
  23  3:41  Barracks Tech Lab  
  26  3:42  Barracks Reactor  
  26  3:49  Supply Depot  
  26  3:51  Orbital Command  
  26  3:59  Refinery  
  26  4:07  Stimpack  
  26  4:16  Starport Reactor  
  26  4:18  Siege Tank  
  29  4:38  SCV x2  
  31  4:50  SCV x2  
  31  4:51  Missile Turret  
  32  5:02  SCV  
  32  5:03  SCV  
  34  5:15  SCV x2  
  34  5:17  Bunker  
  34  5:47  Siege Tank  
  37  5:52  Missile Turret  
  37  6:05  Supply Depot, Combat Shield  
  37  6:08  Terran Infantry Weapons Level 1  
  37  6:12  SCV x2  
  37  6:14  Missile Turret  
  39  6:21  Armory  
  39  6:24  SCV  
  40  6:27  Supply Depot  
  40  6:35  Missile Turret  
  40  6:40  Marine x3  
  43  6:49  Supply Depot  
  43  6:53  Viking  
  45  6:55  Medivac  
  45  6:58  Marine x3  
  50  7:03  Missile Turret  
  50  7:06  SCV  
  51  7:15  Marine  
  52  7:22  Missile Turret  
  52  7:30  Missile Turret  
  52  7:41  Marine x3  
  55  7:50  Missile Turret  
  55  7:59  Marine x3  
  55  8:02  Terran Infantry Armor Level 1  
  55  8:04  Terran Vehicle Weapons Level 1  
  58  8:09  Thor  
  64  8:17  Marine x3  
  67  8:25  Barracks  
  67  8:52  Siege Tank  
  70  8:59  Supply Depot  
  70  9:07  Command Center  
  70  9:21  Supply Depot  
  70  9:27  Barracks Reactor  
  70  9:33  Medivac x2  
  74  9:45  Supply Depot  
  74  9:49  Siege Tank  
  77  9:56  Terran Infantry Weapons Level 2  
  77  9:58  Terran Vehicle And Ship Armor Level 1  
  77  10:03  Viking x2  
  81  10:07  Supply Depot  
  81  10:08  Marine x4  
  81  10:09  Marine  
  86  10:21  Siege Tank  
  89  10:26  Marine x5  
  94  10:44  Marine x5, Missile Turret x2  
  99  10:58  Factory  
  99  11:00  SCV x2  
  99  11:01  Refinery  
  99  11:02  Marine x5  
  105  11:09  Missile Turret  
  102  11:12  SCV x2  
  102  11:15  Viking  
  102  11:16  Viking  
  108  11:20  Marine  
  108  11:24  SCV  
  110  11:33  Planetary Fortress  
  110  11:36  Missile Turret  
  110  11:44  SCV  
  110  11:45  SCV, Viking x2  
  116  11:57  SCV x2  
  116  11:59  Terran Vehicle Weapons Level 2  
  116  12:00  Missile Turret  
  118  12:11  Terran Infantry Armor Level 2  
  118  12:25  Missile Turret  
  118  12:26  Factory Tech Lab  
  118  12:35  Factory  
  118  12:43  Factory  
  118  12:48  Marine  
  118  12:49  Marine x4  
  123  12:55  Refinery  
  123  13:06  Marine  
  123  13:07  Marine  
  123  13:10  Refinery  
  125  13:23  Sensor Tower  
  125  14:09  Command Center  
  125  14:15  Supply Depot, Terran Vehicle And Ship Armor Level 2  
  125  14:22  Supply Depot  
  125  14:28  Marine x4, Viking x2  
  125  14:29  Marine  
  134  14:32  Factory Tech Lab x2  
  134  14:38  Supply Depot  
  131  14:44  Supply Depot  
  131  14:46  Marine x3  
  134  14:58  Medivac x2  
  134  14:59  Thor x3  
  156  15:21  Thor  
  162  16:14  Supply Depot  
  162  16:37  Supply Depot  
  116  17:37  Thor x2  
  116  17:38  Thor x2  
Show
View Real Time Build Order
Export as new Build Order

Ekelpack Zerg 

Build Orders: Hatch First, Brood Lord Corruptor 

Get SALT Encoding   

  12  0:00  Drone  
  13  0:13  Overlord  
  13  0:18  Drone  
  14  0:31  Drone x2  
  16  0:53  Hatchery  
  16  0:54  Drone  
  16  1:05  Drone  
  17  1:13  Spawning Pool  
  17  1:16  Drone  
  17  1:19  Drone  
  17  1:23  Drone  
  19  1:31  Drone, Extractor  
  19  1:39  Drone  
  20  1:51  Overlord  
  20  2:00  Queen  
  22  2:05  Queen  
  24  2:10  Drone  
  24  2:13  Drone  
  26  2:17  Drone  
  26  2:18  Drone  
  28  2:25  Drone  
  28  2:27  Drone  
  30  2:36  Lair  
  30  2:51  Drone x2  
  32  2:53  Drone x2  
  32  2:55  Extractor  
  33  2:59  Drone x2  
  33  3:01  Extractor  
  34  3:06  Drone  
  34  3:09  Metabolic Boost  
  34  3:10  Overlord  
  34  3:12  Drone  
  36  3:15  Extractor  
  36  3:16  Drone  
  36  3:29  Overlord  
  36  3:30  Drone x6  
  42  3:46  Drone, Overlord  
  43  3:56  Drone x3, Spire  
  43  3:57  Drone  
  43  4:00  Overlord  
  46  4:09  Hatchery  
  45  4:10  Queen  
  45  4:13  Drone  
  45  4:14  Drone  
  45  4:16  Drone  
  50  4:17  Drone  
  47  4:47  Drone x6  
  47  4:48  Drone  
  51  4:59  Drone x2  
  54  5:00  Drone x3  
  56  5:10  Mutalisk x2  
  60  5:20  Extractor  
  59  5:25  Extractor  
  59  5:28  Drone x3  
  59  5:29  Drone x2  
  63  5:35  Zerg Flyer Weapons Level 1  
  63  5:40  Mutalisk x3  
  63  5:41  Mutalisk x2  
  63  5:42  Overlord  
  73  5:49  Overlord  
  73  5:50  Drone  
  74  6:03  Infestation Pit  
  73  6:05  Drone x2  
  73  6:06  Drone x4, Overlord  
  73  6:07  Drone x2  
  73  6:10  Overlord  
  81  6:13  Mutalisk x2  
  85  6:32  Mutalisk x5  
  89  6:33  Overlord, Mutalisk x2  
  93  6:59  Mutalisk x3  
  99  7:07  Zergling x4  
  99  7:08  Zergling x14  
  104  7:18  Hive  
  102  7:30  Hatchery  
  101  7:38  Overlord x3  
  101  7:39  Zergling x12  
  101  7:40  Zergling x4  
  109  7:47  Overlord  
  109  7:54  Evolution Chamber  
  108  8:01  Overlord x2  
  108  8:02  Overlord x2  
  108  8:06  Mutalisk  
  108  8:07  Zergling x6  
  111  8:15  Corruptor x2  
  111  8:17  Overlord  
  115  8:20  Zerg Melee Weapons Level 1  
  115  8:32  Corruptor, Overlord x3  
  115  8:33  Corruptor x4  
  111  9:11  Corruptor x7  
  111  9:12  Corruptor x4  
  133  9:26  Extractor  
  133  9:28  Greater Spire, Extractor  
  133  9:30  Corruptor x2  
  133  9:31  Corruptor  
  135  9:32  Zergling x6  
  135  9:37  Drone  
  141  9:39  Drone  
  142  9:47  Drone x3  
  145  10:17  Zerg Melee Weapons Level 2  
  145  10:20  Adrenal Glands  
  145  10:21  Mutalisk x2  
  145  10:22  Corruptor x4  
  145  10:24  Zergling x10  
  145  10:25  Zergling x10  
  167  10:41  Queen  
  169  10:44  Corruptor x3  
  169  10:45  Corruptor  
  155  11:37  Brood Lord  
  155  11:38  Brood Lord x7  
  171  11:40  Zergling x8  
  171  11:41  Zergling x12  
  171  11:42  Zergling x12  
  171  11:43  Zergling x2  
  188  12:02  Brood Lord  
  188  12:03  Brood Lord  
  188  12:05  Brood Lord  
  194  12:30  Hatchery  
  194  12:35  Zerg Flyer Weapons Level 2  
  193  12:38  Zerg Melee Weapons Level 3  
  193  12:41  Brood Lord x3  
  193  12:43  Zergling x2  
  182  13:29  Zergling x6  
  182  13:30  Brood Lord x3  
  182  13:31  Brood Lord x5  
  188  13:43  Zergling x8  
  188  13:44  Zergling x12  
  197  14:06  Brood Lord  
  183  14:42  Brood Lord x5  
  183  14:43  Brood Lord  
  183  14:44  Zergling x8  
  199  14:50  Zergling x4  
  199  14:51  Zerg Flyer Armor Level 1  
  199  15:03  Zergling x2  
  198  15:15  Zerg Ground Armor Level 1  
  192  15:25  Corruptor x4  
  200  15:31  Extractor  
  200  15:32  Extractor  
  198  15:49  Corruptor  
  187  17:19  Corruptor x7  
  187  17:20  Corruptor x5  
  187  17:21  Corruptor x5  
  187  17:22  Corruptor x2  
  129  17:33  Corruptor x4  
  129  17:34  Corruptor x5  
  129  17:35  Zergling x6  
  129  17:36  Zergling x12  
  129  17:37  Zergling x10  
  138  17:38  Zergling x12  
  138  17:39  Zergling x4  
Show
View Real Time Build Order
Export as new Build Order

Nyck Terran 

Build Orders: 2 Factory 

Get SALT Encoding   

  12  0:00  SCV  
  13  0:12  SCV  
  14  0:18  Supply Depot  
  14  0:26  SCV  
  15  0:40  SCV  
  16  0:44  Barracks  
  16  0:52  SCV  
  16  0:54  Refinery  
  17  1:05  SCV  
  18  1:17  SCV  
  19  1:31  Orbital Command  
  19  1:33  Marine  
  20  1:51  Marine  
  21  1:57  Factory  
  21  2:00  SCV  
  22  2:05  Refinery  
  22  2:10  Marine  
  23  2:20  Supply Depot  
  23  2:39  SCV  
  22  2:51  Factory  
  22  2:55  Factory Tech Lab  
  22  2:57  SCV  
  23  3:09  SCV  
  24  3:16  Hellion  
  24  3:17  Infernal Pre-Igniter  
  26  3:20  Barracks Reactor  
  26  3:21  SCV  
  26  3:25  Supply Depot  
  27  3:33  SCV  
  28  3:36  Command Center  
  28  3:38  Hellion  
  30  3:45  SCV  
  30  3:47  Hellion  
  33  3:57  SCV  
  34  4:07  Hellion x2  
  34  4:09  SCV  
  39  4:12  Supply Depot, Barracks Reactor  
  39  4:34  SCV  
  40  4:53  SCV  
  41  5:05  Siege Tank  
  41  5:06  Hellion x2  
  48  5:14  SCV  
  45  5:27  SCV  
  40  5:39  SCV  
  41  5:51  SCV, Siege Tank  
  45  5:57  Command Center  
  45  6:03  SCV, Engineering Bay  
  46  6:07  Supply Depot  
  46  6:12  Marine x2  
  46  6:15  SCV  
  46  6:18  Hellion x2  
  53  6:27  SCV  
  54  6:39  SCV, Hellion x2  
  59  6:41  Supply Depot  
  59  6:47  Orbital Command  
  59  6:51  SCV  
  60  7:03  SCV  
  61  7:09  Refinery  
  61  7:11  Refinery  
  61  7:15  SCV  
  62  7:27  Command Center  
  62  7:28  SCV  
  63  7:35  Armory  
  63  7:40  SCV  
  64  7:52  SCV  
  64  7:57  Starport  
  65  8:01  Siege Tank  
  65  8:05  Widow Mine  
  70  8:26  Starport  
  70  8:29  Terran Vehicle And Ship Armor Level 1, Starport  
  70  8:35  Starport  
  70  8:39  Supply Depot  
  70  8:42  Planetary Fortress  
  70  8:46  Refinery  
  70  8:47  SCV  
  71  8:51  Planetary Fortress  
  71  8:59  SCV  
  72  9:02  Supply Depot  
  72  9:09  Viking  
  74  9:10  Viking x2  
  74  9:12  SCV  
  74  9:13  Starport  
  79  9:19  SCV  
  79  9:24  SCV  
  81  9:26  Supply Depot  
  81  9:27  SCV  
  82  9:31  SCV  
  83  9:40  SCV  
  83  9:43  SCV, Viking x4  
  93  9:47  Starport  
  93  9:50  Viking  
  93  9:52  SCV  
  96  9:55  SCV  
  97  10:00  Refinery  
  97  10:03  Refinery  
  97  10:04  SCV  
  97  10:05  Refinery  
  98  10:07  SCV  
  98  10:08  SCV x2  
  101  10:14  Supply Depot  
  101  10:16  SCV  
  101  10:19  SCV  
  101  10:20  SCV x2, Viking  
  107  10:23  Terran Ship Weapons Level 1  
  107  10:26  Viking  
  107  10:28  SCV  
  110  10:32  SCV x3  
  113  10:37  Supply Depot  
  113  10:40  SCV  
  114  10:44  SCV x3  
  114  10:48  Viking  
  114  10:49  Viking x2  
  123  10:50  Viking  
  123  10:52  SCV  
  123  10:56  SCV x3  
  129  11:04  SCV  
  129  11:08  Supply Depot  
  130  11:16  SCV  
  131  11:28  SCV  
  131  11:31  Supply Depot  
  132  11:33  Command Center  
  132  11:36  Viking  
  132  11:37  Viking x4  
  142  11:41  SCV  
  143  11:53  SCV  
  144  11:54  Supply Depot  
  144  12:05  SCV  
  144  12:06  Viking  
  147  12:11  Viking  
  147  12:12  Viking  
  147  12:13  Viking x2  
  155  12:17  Supply Depot, Terran Vehicle And Ship Armor Level 2  
  155  12:19  Fusion Core  
  155  12:25  SCV  
  156  12:37  SCV  
  156  12:41  Supply Depot  
  157  12:47  Viking x3  
  157  12:48  Viking x2  
  157  12:49  SCV  
  168  13:01  SCV  
  168  13:03  Supply Depot  
  169  13:13  SCV  
  170  13:26  Supply Depot  
  170  13:33  Viking x2  
  170  13:34  Viking x3  
  180  13:48  Supply Depot  
  180  13:54  Planetary Fortress  
  180  13:56  Command Center  
  180  14:03  Viking x2  
  180  14:04  Viking x3  
  190  14:18  Weapon Refit  
  190  14:33  Terran Ship Weapons Level 2  
  190  14:36  SCV  
  191  14:44  Supply Depot  
  191  14:48  SCV  
  191  14:52  Refinery  
  192  14:56  Viking x4  
  200  15:06  Supply Depot  
  199  15:17  SCV  
  200  15:30  Supply Depot  
  200  15:38  Starport Reactor  
  200  15:42  Starport Reactor  
  200  16:01  Planetary Fortress  
  200  16:04  Refinery  
  173  16:41  Viking x6  
  173  16:42  Viking  
  187  16:59  SCV  
  188  17:11  SCV  
  167  17:23  SCV  
  167  17:29  Viking x6  
  158  17:30  Viking  
  158  17:35  SCV  
  119  17:47  SCV  
Tags
 
Add a new tag
Caveats
  • Supply blocks, unpowered buildings, or Contaminate may cause inaccurate times.
  • Supply counts are checked every 10 seconds.